 Dungeon Crawl Stone Soup version 0.23.0-42-geed6394 (webtiles) character file.

Game seed: 18380153453057919171

11754 redwoodhats the Spear-Bearer (level 11, -26/58 HPs)
             Began as a Vine Stalker Chaos Knight on Feb 28, 2019.
             Was a Plaything of Xom.
             Annihilated by an orc knight
             ... wielding a +0 glaive
              (35 damage)
             ... in a bailey.
             The game lasted 01:00:22 (8702 turns).

redwoodhats the Spear-Bearer (VSCK)                 Turns: 8702, Time: 01:00:23

Health: -26/58     AC: 14    Str: 25    XL:     11   Next: 82%
Magic:  0/25       EV: 22    Int: 20    God:    Xom [*.....]
Gold:   1087       SH:  0    Dex: 26    Spells: 14/14 levels left

rFire    + . .     SeeInvis .   n - +3 halberd (venom)
rCold    + + .     Gourm    .   (shield currently unavailable)
rNeg     + . .     Faith    .   K - +0 leather armour "Xoewul" {rC+ Str+4 Dex+3 Stlth-}
rPois    .         Spirit   +   y - +3 hat of Pondering {ponderous, MR+ MP+10 Int+5}
rElec    .         Reflect  .   d - scarf {rC+ rF+}
rCorr    .         Harm     .   A - +2 pair of gloves
MR       ++...                  L - +0 pair of boots
Stlth    ++++......             (no amulet)
HPRegen  0.59/turn              I - ring of positive energy
MPRegen  0.19/turn              H - +5 ring of dexterity

@: mighty, agile, flying, very slightly contaminated, slow
A: fangs 3, hooves 1, yellow scales 1, sense surroundings 1, regeneration 1,
shaggy fur 1, magic shield, antimagic bite, no potion heal 3, rot immunity
a: Renounce Religion


You were in a bailey.
You worshipped Xom.
You were a special plaything of Xom.
You were not hungry.

You visited 1 branch of the dungeon, and saw 10 of its levels.
You also visited: Bailey.

You collected 1225 gold pieces.
You spent 138 gold pieces at shops.

Inventory:

Hand Weapons
 a - a +0 spear of chaos
 n - a +3 halberd of venom (weapon)
 t - a +2 flail of crushing
 v - a +0 shortbow of velocity
 E - a +2 whip of flaming
 N - the +1 dagger "Iqagyxav" {elec, *Drain rF+ rC- Str+4}
   (You found it on level 6 of the Dungeon)

   Occasionally, upon striking a foe, it will discharge some electrical energy
   and cause terrible harm.
   It affects your strength (+4).
   It protects you from fire.
   It makes you vulnerable to cold.
   It causes draining when unequipped.
 O - a +2 dagger of speed
Missiles
 o - 69 sling bullets
 u - 6 tomahawks of returning (quivered)
 x - 101 arrows
 F - 19 tomahawks
Armour
 d - a scarf of resistance (worn)
 e - a +3 ring mail of fire resistance
 k - a +0 pair of boots
 l - a +0 helmet
 y - the +3 hat of Pondering (worn) {ponderous, MR+ MP+10 Int+5}
   (You took it off Gastronok on level 9 of the Dungeon)

   It affects your intelligence (+5).
   It affects your resistance to hostile enchantments.
   It affects your magic capacity (+10).
 z - a +2 helmet
 A - a +2 pair of gloves (worn)
 K - the +0 leather armour "Xoewul" (worn) {rC+ Str+4 Dex+3 Stlth-}
   (You found it on level 5 of the Dungeon)

   It affects your strength (+4).
   It affects your dexterity (+3).
   It protects you from cold.
   It makes you less stealthy.
 L - a +0 pair of boots (worn)
Magical Staves
 m - an uncursed staff of summoning
Jewellery
 B - an uncursed ring of ice
 H - a +5 ring of dexterity (right hand)
 I - a ring of positive energy (left hand)
 J - an uncursed ring of wizardry {unknown}
Wands
 b - a wand of flame (55)
 g - a wand of random effects (21)
 h - a wand of iceblast (12)
Scrolls
 j - 5 scrolls of teleportation
 p - 3 scrolls of magic mapping
 q - a scroll of amnesia
 P - a scroll of identify
Potions
 f - 2 potions of curing
 i - a potion of brilliance
 s - a potion of might
 C - 7 potions of heal wounds
 G - a potion of flight
 R - a potion of experience
Comestibles
 r - 12 rations


   Skills:
 + Level 7.5 Fighting
 + Level 2.1 Short Blades
 + Level 2.1 Maces & Flails
 + Level 10.9 Polearms
   Level 2.3(2.9) Slings
 + Level 3.5 Bows
 + Level 2.5(3.0) Throwing
 + Level 5.7 Armour
 + Level 5.9 Dodging
 + Level 6.7 Stealth
 + Level 2.3 Unarmed Combat
 + Level 2.3 Spellcasting
 + Level 2.1 Evocations


You had 14 spell levels left.
You didn't know any spells.
Your spell library was empty.

Dungeon Overview and Level Annotations

Branches:
Dungeon (10/15)            Temple (0/1) D:7
   Lair: D:8-11         Orc: D:9-12

Altars:
Hepliaklqana
Nemelex Xobeh
Okawaru
Sif Muna
Xom

Shops:
D:4 *


Innate Abilities, Weirdness & Mutations

You have razor-sharp teeth.
Your natural rate of healing is unusually fast.
When hurt, damage is shared between your health and your magic reserves.
Your bite disrupts and absorbs the magic of your enemies.
Potions cannot restore your health.
You are immune to rotting.
You have large cloven feet.
You are partially covered in yellow scales. (AC +2)
You passively map a small area around you.
You are covered in fur. (AC +1)


Message History

Attack whom?
Press: ? - help, Dir - move target cursor, f/p - orc knight
Aim: an orc knight, wielding a +0 glaive and wearing a +0 scale mail (lightly wounded, unusually strong, poisoned)
Okay, then.
You feel very mighty all of a sudden.
An orc warrior comes into view. It is wielding a +0 spear.
The orc knight roars a battlecry!
The orc knight goes into a battle-frenzy!
You feel very buoyant.
You fly up into the air.
The orc knight hits you from afar with a +0 glaive!!
* * * LOW HITPOINT WARNING * * *
An orc knight comes into view. It is wielding a +0 glaive.
The orc knight closely misses you.
You have no ailments to cure.
You feel agile all of a sudden.
The orc knight hits you from afar with a +0 glaive!!!
Ouch! That really hurt!
You die...
Xom giggles madly!

########### ####### ##
##..........###.....#########.
#o......o....'.......#.....#..
#.§???.......'.......'.....'..
#∩.???.o...o.@....)..'.....'..
#..???.....o.'.......'.....'..
#o...........'.......#.....#..
##..........###.....#########.
########### ####### ##


You could see 3 orc knights and an orc warrior.

Vanquished Creatures
  Gastronok (D:9)
  A two-headed ogre (D:8)
  An orc knight (Bailey)
  Joseph (D:7)
  Prince Ribbit (D:9)
  2 hornets
  Grinder (D:5)
  3 hippogriffs
  A spriggan (D:9)
  A hungry ghost (D:9)
  11 orc warriors
  4 sky beasts
  7 ogres
  4 ice beasts
  A phantom (D:6)
  3 centaurs
  A crocodile (D:8)
  6 bullfrogs
  A gnoll sergeant (D:7)
  A wyvern skeleton (D:8)
  2 scorpions (D:7)
  2 spriggan skeletons (D:9)
  5 wights (D:7)
  11 killer bees
  4 howler monkeys
  3 crimson imps
  2 bullfrog zombies (D:8)
  A quasit (D:8)
  5 hounds
  A jelly (D:4)
  7 orc priests
  4 centaur skeletons
  Jessica (D:3)
  A bullfrog skeleton (D:7)
  3 iguanas
  Ijyb (D:3)
  3 worker ants
  15 orc wizards
  A hound skeleton (D:5)
  Robin (D:4)
  12 gnolls
  11 adders
  2 shadow imps
  An adder skeleton (D:4)
  2 adder zombies (D:8)
  4 worms
  6 leopard geckos
  73 orcs
  10 bats
  5 giant cockroaches
  13 goblins
  9 hobgoblins
  6 jackals
  6 quokkas
  5 frilled lizards
  9 kobolds
  2 leopard gecko zombies
  7 rats
  A butterfly (D:7)
309 creatures vanquished.

Vanquished Creatures (others)
  A slave (D:4)
  An orc wizard (D:3)
2 creatures vanquished.

Grand Total: 311 creatures vanquished

Notes
Turn   | Place    | Note
-------+----------+-------------------------------------------
     0 | D:1      | redwoodhats the Vine Stalker Chaos Knight began the quest
                  | for the Orb.
     0 | D:1      | Reached XP level 1. HP: 11/11 MP: 2/2
    93 | D:1      | XOM: divination: magic mapping
   152 | D:1      | Reached XP level 2. HP: 15/16 MP: 3/3
   185 | D:1      | XOM: mild Conj miscast
   223 | D:1      | Reached skill level 3 in Polearms
   279 | D:1      | XOM: silly message
   640 | D:1      | Reached XP level 3. HP: 20/20 MP: 4/4
   819 | D:1      | XOM: divination: detect creatures
  1090 | D:2      | XOM: cloud trail
  1194 | D:2      | Reached skill level 1 in Dodging
  1543 | D:2      | Gained mutation: Your natural rate of healing is unusually
                  | fast. [Vine Stalker growth]
  1543 | D:2      | Reached XP level 4. HP: 23/24 MP: 5/5
  1981 | D:3      | XOM: potion effect (haste)
  2015 | D:3      | Reached skill level 1 in Stealth
  2143 | D:3      | Noticed Ijyb
  2144 | D:3      | XOM: divination: detect creatures
  2157 | D:3      | Reached XP level 5. HP: 28/28 MP: 6/6
  2167 | D:3      | Killed Ijyb
  2182 | D:3      | XOM: god gift: 41 gold pieces
  2225 | D:3      | Noticed Jessica
  2229 | D:3      | Killed Jessica
  2291 | D:3      | Reached skill level 4 in Polearms
  2294 | D:3      | XOM: potion effect (might)
  2400 | D:3      | Reached XP level 6. HP: 32/32 MP: 7/7
  2571 | D:3      | XOM: mild Ice miscast
  2731 | D:3      | XOM: mild Summ miscast
  2737 | D:3      | XOM: cloud trail
  2816 | D:4      | XOM: divination: detect items
  2869 | D:4      | XOM: harmless Chrm miscast
  2934 | D:4      | Found a sparkling altar of Nemelex Xobeh.
  2993 | D:4      | Noticed Robin
  3000 | D:4      | Killed Robin
  3040 | D:4      | Found Qemidd's General Store.
  3049 | D:4      | Bought a +1 pair of gloves for 138 gold pieces
  3102 | D:4      | Reached XP level 7. HP: 37/37 MP: 8/8
  3323 | D:4      | Noticed Pikel
  3330 | D:4      | XOM: harmless Tmut miscast
  3350 | D:4      | Noticed Pikel
  3350 | D:4      | Pikel changed into Pikel the hornet
  3350 | D:4      | XOM: polymorph Pikel -> Pikel the hornet
  3356 | D:4      | XOM: medium Pois miscast
  3367 | D:4      | Killed Pikel the hornet
  3367 | D:4      | Reached skill level 5 in Polearms
  3369 | D:4      | XOM: mild Hex miscast
  3580 | D:4      | XOM: god gift: 490 gold pieces
  3724 | D:5      | Entered Level 5 of the Dungeon
  3764 | D:5      | XOM: confusion (+ monsters)
  3773 | D:5      | XOM: enchant monster (good)
  3884 | D:5      | Gained mutation: You have razor-sharp teeth. [Vine Stalker
                  | growth]
  3884 | D:5      | Reached XP level 8. HP: 31/42 MP: 5/9
  4113 | D:5      | Noticed Grinder
  4132 | D:5      | Killed Grinder
  4132 | D:5      | Reached skill level 6 in Polearms
  4158 | D:5      | Got a polished leather armour
  4159 | D:5      | Identified the +0 leather armour "Xoewul" {rC+ Str+4 Dex+3
                  | Stlth-} (You found it on level 5 of the Dungeon)
  4314 | D:5      | XOM: confusion
  4318 | D:5      | XOM: repel stairs
  4319 | D:5      | XOM: destruction
  4379 | D:5      | Reached skill level 7 in Polearms
  4789 | D:5      | Reached skill level 5 in Fighting
  4789 | D:5      | Reached skill level 5 in Armour
  4789 | D:5      | Reached skill level 5 in Stealth
  4789 | D:5      | Reached XP level 9. HP: 48/48 MP: 9/13
  4868 | D:6      | XOM: repel stairs
  4912 | D:6      | XOM: mild Summ miscast
  5040 | D:6      | XOM: noise
  5062 | D:6      | XOM: mild Ice miscast
  5066 | D:6      | XOM: medium Chrm miscast
  5067 | D:6      | Reached skill level 8 in Polearms
  5075 | D:6      | Found an iron altar of Okawaru.
  5130 | D:6      | Got a smoking dagger
  5141 | D:6      | Found a hazy altar of Hepliaklqana.
  5346 | D:6      | Identified the +1 dagger "Iqagyxav" {elec, *Drain rF+ rC-
                  | Str+4} (You found it on level 6 of the Dungeon)
  5414 | D:7      | Reached XP level 10. HP: 53/53 MP: 14/14
  5484 | D:7      | XOM: chaos upgrade
  5522 | D:7      | XOM: enchant monster (bad)
  5615 | D:7      | Noticed Joseph
  5627 | D:7      | Killed Joseph
  5677 | D:7      | Found a staircase to the Ecumenical Temple.
  5794 | D:7      | Found a deep blue altar of Sif Muna.
  5857 | D:7      | XOM: 5-stop teleportation journey
  5968 | D:7      | Reached skill level 9 in Polearms
  5978 | D:7      | XOM: swap monsters
  6127 | D:7      | Reached skill level 5 in Dodging
  6221 | D:7      | XOM: god gift: 2 scrolls of enchant armour
  6382 | D:8      | XOM is BORED!
  6558 | D:8      | XOM: divination: detect items
  6628 | D:8      | XOM: fake destruction
  6691 | D:8      | Noticed a two-headed ogre
  6694 | D:8      | Killed a two-headed ogre
  6694 | D:8      | Reached XP level 11. HP: 35/58 MP: 8/15
  6777 | D:8      | XOM: scenery: create altars
  7039 | D:9      | Noticed Gastronok
  7042 | D:9      | XOM: fake destruction
  7048 | D:9      | Killed Gastronok
  7048 | D:9      | Reached skill level 10 in Polearms
  7114 | D:9      | XOM: enchant monster (bad)
  7116 | D:9      | XOM: noise
  7307 | D:9      | Noticed Prince Ribbit
  7314 | D:9      | Killed Prince Ribbit
  7801 | D:9      | XOM: god gift: 18 gold pieces
  7840 | D:9      | XOM: cloud trail
  7947 | D:9      | XOM: draining
  8021 | D:9      | XOM: summons 6 friendly demons
  8143 | D:9      | XOM: god gift: scroll labeled DEMOME TEXERI {god gift}
  8219 | D:9      | Gained mutation: You passively map a small area around you.
                  | [potion of mutation]
  8219 | D:9      | Gained mutation: You are covered in fur. (AC +1) [potion of
                  | mutation]
  8219 | D:9      | Gained mutation: You have large cloven feet. [potion of
                  | mutation]
  8219 | D:9      | Gained mutation: You are partially covered in yellow
                  | scales. (AC +2) [potion of mutation]
  8244 | D:10     | Entered Level 10 of the Dungeon
  8247 | D:10     | Found a flagged portal.
  8287 | Bailey   | Entered a bailey
  8455 | Bailey   | XOM: 4-stop teleportation journey
  8488 | Bailey   | XOM: butterfly on damage
  8489 | Bailey   | XOM: confuse monster(s)
  8492 | Bailey   | XOM: confusion
  8499 | Bailey   | XOM: confuse monster(s)
  8566 | Bailey   | Noticed an orc knight
  8593 | Bailey   | XOM: silly message
  8605 | Bailey   | Killed an orc knight
  8695 | Bailey   | Noticed an orc knight
  8695 | Bailey   | Noticed an orc knight
  8701 | Bailey   | Noticed an orc knight
  8702 | Bailey   | Annihilated by an orc knight

Skill      XL: |  1  2  3  4  5  6  7  8  9 10 11 |
---------------+----------------------------------+-----
Polearms       | 3 4 5 7 8 9 10 | 10.9
Fighting       | 3 4 5 6 7 |  7.5
Armour         | 2 3 5 |  5.7
Dodging        | 1 2 4 5 |  5.9
Stealth        | 1 2 5 6 |  6.7
Short Blades   | 2 |  2.1
Maces & Flails | 2 |  2.1
Slings         | 2 |  2.3
Bows           | 3 |  3.5
Throwing       | 2 |  2.5
Unarmed Combat | 2 |  2.3
Spellcasting   | 2 |  2.3
Evocations     | 2 |  2.1

Action                   |  1- 3 |  4- 6 |  7- 9 | 10-12 || total
-------------------------+-------+-------+-------+-------++-------
Melee: Spear             |    92 |    87 |       |       ||   179
       Bite              |    17 |    24 |    49 |   134 ||   224
       Halberd           |       |   116 |   181 |   413 ||   710
 Fire: Hunting sling     |     5 |       |       |       ||     5
Throw: Tomahawk          |       |       |     1 |    16 ||    17
  Use: Potion            |     4 |     4 |     3 |     9 ||    20
       Scroll            |     4 |     1 |     9 |     7 ||    21
 Stab: Sleeping          |     4 |       |     1 |     6 ||    11
       Confused          |       |       |       |     3 ||     3
       Invisible         |       |       |       |     4 ||     4
       Distracted        |       |       |       |     3 ||     3
  Eat: Ration            |     1 |     1 |     3 |     4 ||     9
Armor: Leather armour    |    31 |     2 |    39 |   117 ||   189
       Ring mail         |       |    80 |    50 |       ||   130
Dodge: Dodged            |    52 |   100 |   118 |   293 ||   563
